 Dungeon Crawl Stone Soup version 0.20.1-1-g8b1a95d (console) character file.

347 hilaritas the Magician (level 6, -7/32 HPs)
             Began as a Deep Elf Ice Elementalist on Aug 27, 2017.
             Killed from afar by Ijyb (24 damage)
             ... with a wand of lightning (?/15)
             ... on level 3 of the Dungeon.
             The game lasted 00:11:15 (3839 turns).

hilaritas the Magician (Deep Elf Ice Elementalist)  Turns: 3839, Time: 00:11:15

Health: -7/32      AC:  2    Str:  6      XL:     6   Next: 33%
Magic:  16/18      EV: 13    Int: 18 (21) God:
Gold:   139        SH:  0    Dex: 13 (15) Spells: 9/19 levels left

rFire    . . .     SeeInvis .   g - +0 dagger
rCold    . . .     Gourm    .   (no shield)
rNeg     . . .     Faith    .   a - +0 robe
rPois    .         Spirit   .   (no helmet)
rElec    .         Reflect  .   (no cloak)
rCorr    .         Harm     .   (no gloves)
MR       .....                  (no boots)
Stlth    ++........             (no amulet)
Regen    0.1/turn               (no ring)
MPRegen  0.2/turn               (no ring)

@: no status effects
A: no striking features
a: no special abilities


You were on level 3 of the Dungeon.
You were not hungry.

You visited 1 branch of the dungeon, and saw 3 of its levels.

You collected 139 gold pieces.

Inventory:

Hand Weapons
 g - a +0 dagger (weapon)
Missiles
 e - 135 arrows
 u - 22 stones (quivered)
Armour
 a - a +0 robe (worn)
Wands
 w - a wand of random effects (21/48)
Scrolls
 d - 6 scrolls of identify {unknown}
 m - a scroll of amnesia {unknown}
 p - a scroll of fear {unknown}
 s - a scroll of random uselessness {unknown}
 x - a scroll of remove curse {unknown}
Potions
 h - a potion of flight {unknown}
 k - a potion of curing
 l - a potion of magic {unknown}
 n - 2 potions of lignification
 o - 2 potions of heal wounds {unknown}
 q - a potion of resistance {unknown}
 r - a potion of agility
Books
 b - a book of Frost

   Spells                             Type                      Level
   a - Freeze                         Ice                          1
   b - Throw Frost                    Conjuration/Ice              2
   c - Ozocubu's Armour               Charms/Ice                   3
   d - Throw Icicle                   Conjuration/Ice              4
   e - Summon Ice Beast               Ice/Summoning                4
Comestibles
 c - 2 bread rations
 f - a royal jelly
 j - 4 fruits
 t - 3 chunks of flesh
 v - a meat ration


   Skills:
 - Level 2.4 Dodging
 - Level 2.4 Stealth
 - Level 7.1 Spellcasting
 * Level 2.3 Conjurations
 + Level 5.2 Ice Magic


You had 9 spell levels left.
You knew the following spells:

 Your Spells              Type           Power        Failure   Level  Hunger
a - Freeze                Ice            ####         1%          1    None
b - Throw Frost           Conj/Ice       ###...       3%          2    None
c - Ozocubu's Armour      Chrm/Ice       ###.....     11%         3    ##.....
d - Throw Icicle          Conj/Ice       ###.....     22%         4    ####...


Dungeon Overview and Level Annotations

Branches:
Dungeon (3/15)

Altars:
Makhleb
Sif Muna

Annotations:
D:3 Ijyb


Message History

Magic restored.
Found a stone staircase leading down.
There is a stone staircase leading down here.
d - 6 scrolls labeled OCAVAF LAUTY (gained 1)
Found a stone staircase leading down.
There is a stone staircase leading down here.
e - 135 arrows (gained 15) Ijyb the Twisted Goblin comes into view.
She is wielding a dagger.
Casting: Freeze
Confirm with . or Enter, or press ? or * to list all spells.
Aiming: Throw Frost
Press: ? - help, Shift-Dir - straight line, f - Ijyb
Aim: Ijyb, wielding a dagger and wearing a leather armour (resting)
The puff of frost hits Ijyb.
Ijyb is moderately wounded.
Ijyb shouts!
Ijyb drinks a potion.
Ijyb suddenly seems more agile.
Ijyb zaps a wand.
The bolt of lightning hits you! x2
Ouch! That really hurt!
You die...

.>.........#
#.##.#
...#######.#
#.##.#
##.#### #.#
#.##.#
......# #.#
#. #.#
##.##.####.#
#.#
...........#
#### #.#
.#....#.##.#
#.. #.#
......#.##.#
#g# #.#
.##...#.####
###@#####.#
..!......#
#.........#
.#.#..#....
#.#########
.#.#..##....
#. ##.#..#
#### #
...#..#
###....
..... ## .


You could see Ijyb.

Vanquished Creatures
  Sigmund (D:3)
  An orc priest (D:3)
  Jessica (D:3)
  5 adders
  A worm (D:3)
  2 dart slugs (D:2)
  3 leopard geckos
  7 orcs (D:3)
  2 giant cockroaches
  10 goblins
  8 hobgoblins
  5 jackals (D:3)
  5 ball pythons
  10 bats
  2 frilled lizards
  3 kobolds
  A quokka skeleton (D:3)
  8 rats
75 creatures vanquished.

Notes
Turn   | Place    | Note
-------+----------+-------------------------------------------
     0 | D:1      | hilaritas the Deep Elf Ice Elementalist began the quest for the Orb.
     0 | D:1      | Reached XP level 1. HP: 10/10 MP: 6/6
   625 | D:1      | Reached XP level 2. HP: 14/15 MP: 6/8
  1145 | D:1      | Learned a level 2 spell: Throw Frost
  1727 | D:2      | Reached XP level 3. HP: 19/19 MP: 6/9
  1869 | D:2      | Learned a level 3 spell: Ozocubu's Armour
  2003 | D:2      | Reached skill level 5 in Ice Magic
  2473 | D:3      | Reached XP level 4. HP: 22/24 MP: 3/11
  2574 | D:3      | Found a burning altar of Makhleb.
  2717 | D:3      | Reached skill level 4 in Spellcasting
  2980 | D:3      | Learned a level 4 spell: Throw Icicle
  3042 | D:3      | Reached XP level 5. HP: 28/28 MP: 11/14
  3092 | D:3      | Reached skill level 5 in Spellcasting
  3153 | D:3      | Found a deep blue altar of Sif Muna.
  3156 | D:3      | Noticed Sigmund
  3205 | D:3      | Killed Sigmund
  3205 | D:3      | Reached skill level 7 in Spellcasting
  3205 | D:3      | Reached XP level 6. HP: 22/32 MP: 9/18
  3733 | D:3      | Noticed Jessica
  3738 | D:3      | Killed Jessica
  3837 | D:3      | Noticed Ijyb
  3839 | D:3      | Killed from afar by Ijyb

Skill      XL: |  1  2  3  4  5 |
---------------+----------------+-----
Ice Magic      | 4 5 |  5.2
Conjurations   | 2 |  2.3
Spellcasting   | 4 7 |  7.1
Dodging        | |  2.4
Stealth        | |  2.4

Action                   |  1- 3 |  4- 6 || total
-------------------------+-------+-------++-------
Melee: Dagger            |     2 |    13 ||    15
       Unarmed           |     1 |       ||     1
 Cast: Freeze            |    62 |    54 ||   116
       Throw Frost       |     1 |     9 ||    10
       Ozocubu's Armour  |       |     2 ||     2
       Throw Icicle      |       |     1 ||     1
  Use: Potion            |       |     3 ||     3
 Stab: Sleeping          |     1 |       ||     1
  Eat: Chunk             |     4 |     5 ||     9
Armor: Robe              |    11 |     7 ||    18
       Skin              |       |     6 ||     6
Dodge: Dodged            |    30 |    23 ||    53
